[Event "Late-Titled-Tuesday-Blitz-March-26-2024"]
[Site "Chess.com"]
[Date "2024.03.26"]
[Round "1"]
[White "Koalaskakistis"]
[Black "DanielDardha2005"]
[Result "0-1"]
[WhiteElo "2446"]
[BlackElo "2841"]
[TimeControl "180+1"]
[EndTime "14:07:48 PDT"]
[Termination "DanielDardha2005 won by resignation"]

1. Nf3 d5 2. g3 Nc6 3. d4 Bf5 4. Bg2 Nb4 5. Na3 e6 6. O-O Nc6 7. Nb1 Nb4 8. Na3 Nc6 9. Nb1 Be7 10. c4 Nf6 11. Nc3 O-O 12. Nh4 Bg4 13. h3 Bh5 14. g4 Bg6 15. Nxg6 hxg6 16. g5 Ne4 17. Nxe4 dxe4 18.
h4 Qxd4 19. Qxd4 Nxd4 20. Bxe4 Nxe2+ 21. Kg2 Nxc1 22. Raxc1 c6 23. Rcd1 Rad8 24. f4 Bc5 25.
Kf3 Bd4 26. Rd2 c5 27. Rfd1 b6 28. b4 a6 29. Bb7 a5 30. b5 f5 31. Rd3 Kf7 32. Kg2 Rh8 33. Kh3 Rh7 34. Bf3 Rdh8 35. h5 gxh5 36. Rxd4 cxd4 37. Rxd4 Ke7 38. c5 bxc5 39. Ra4 Rb8 40. Rxa5 c4 41. a4 c3 42. Ra7+ Kd6 43. Ra6+ Kc5 44. Rc6+ Kb4 45. b6 g6 46. a5 Kxa5 47. Rxc3 Rxb6 48. Re3 Rc7 49. Kg2 Rc4 50.
Re5+ Kb4 51. Kg3 Rc3 52. Re2 Kc5 53. Re5+ Kd4 54. Re1 Rbb3 55. Rd1+ Rd3 56. Rf1 Rxf3+ 57. Rxf3 Rxf3+ 58. Kxf3 Kd3 0-1

[Event "Late-Titled-Tuesday-Blitz-March-26-2024"]
[Site "Chess.com"]
[Date "2024.03.26"]
[Round "1"]
[White "cthulhuuu"]
[Black "The_Machine04"]
[Result "0-1"]
[WhiteElo "2425"]
[BlackElo "2790"]
[TimeControl "180+1"]
[EndTime "14:07:48 PDT"]
[Termination "The_Machine04 won by resignation"]

1. e4 d6 2. d4 Nf6 3. Nc3 e5 4.
dxe5 dxe5 5. Qxd8+ Kxd8 6. Bc4 Be6 7. Bxe6 fxe6 8. Nh3 Bd6 9. f3 Ke7 10. Nf2 a6 11. a4 Nbd7 12. Nd3 h6 13. Be3 g5 14. h3 b6 15. O-O Rag8 16. g4 Nf8 17. a5 b5 18. Nc5 h5 19. Nxa6 hxg4 20. hxg4 Ng6 21. Bxg5 Ra8 22. Nxb5 Rxa6 23. Nxd6 cxd6 24.
b4 Rb8 25. Rfb1 Rba8 26. Bd2 d5 27. b5 R6a7 28. a6 Nd7 29. Bb4+ Kd8 30. Bd6 Ne7 31. b6 Rxa6 32. Rxa6 Rxa6 33. b7 Rxd6 34. b8=Q+ Nxb8 35. Rxb8+ Kc7 36. Rh8 Rc6 37. Rh6 Kd7 38. exd5 exd5 39. Rxc6 Nxc6 40. c3 Na7 41. Kf2 Nb5 42. f4 e4 43. Ke3 Nxc3 44. Kd4 Nb5+ 45. Ke3 Ke6 46. g5 Kf5 47. Kd2 d4 48. Ke2 Nd6 49. Kd2 Ne8 50. Kc2 Ng7 51. Kb3 Kxf4 0-1

[Event "Late-Titled-Tuesday-Blitz-March-26-2024"]
[Site "Chess.com"]
[Date "2024.03.26"]
[Round "1"]
[White "katharinareinecke"]
[Black "zverr1"]
[Result "0-1"]
[WhiteElo "1991"]
[BlackElo "2547"]
[TimeControl "180+1"]
[EndTime "14:07:50 PDT"]
[Termination "zverr1 won on time"]

1. e4 c5 2. Nf3 Nc6 3. Bb5 h5 4. Bxc6 dxc6 5. d3 h4 6. h3 f6 7. Be3 e5 8. Nbd2 Be6 9. Qe2 b6 10. a4 a5 11. Nc4 Qc7 12. O-O g5 13. Bxg5 fxg5 14. Nfxe5 O-O-O 15. Ng4 Bg7 16. c3 Nf6 17. e5 Nxg4 18. hxg4 Bxc4 19. dxc4 Qxe5 20. Qf3 Kc7 21.
Rfe1 Qf4 22. Qe2 h3 23. g3 h2+ 24. Kh1 Qf6 25. Rac1 Rhf8 26. Qe7+ Rd7 27. Qxf6 Rxf6 28. Re2 Rh6 29. Rce1 b5 30. axb5 cxb5 31. cxb5 Kb6 32. f4 Kxb5 33. f5 Rhd6 34. Re6 Kc4 35. Rf1 Bf6 36.
Kxh2 Kb3 37. Re2 Rh7+ 38. Kg2 Rh6 39. Rfe1 Rd7 40. Re6 Rdh7 41. Rb6+ Kc4 42. Ra6 Rh2+ 43. Kf3 Rxb2 44. Rxa5 Bxc3 45. Ra4+ Bb4 46. Ra6 Rhh2 0-1

[Event "Late-Titled-Tuesday-Blitz-March-26-2024"]
[Site "Chess.com"]
[Date "2024.03.26"]
[Round "1"]
[White "dawid498"]
[Black "Kombinator01"]
[Result "1-0"]
[WhiteElo "2714"]
[BlackElo "2395"]
[TimeControl "180+1"]
[EndTime "14:07:55 PDT"]
[Termination "dawid498 won on time"]

1. e4 e5 2. Nc3 Nf6 3. g3 g6 4. Bg2 Bg7 5. Nge2 O-O 6. O-O d6 7. h3 Nc6 8. d3 h6 9. f4 Kh7 10. Kh2 Nd4 11. Nxd4 exd4 12. Ne2 c5 13. c3 dxc3 14.
bxc3 Rb8 15. a4 a6 16. a5 Bd7 17. Be3 Bc6 18. f5 c4 19. Nd4 cxd3 20. fxg6+ fxg6 21. Ne6 Qe7 22. Nxf8+ Rxf8 23. Qxd3 Re8 24. Bd4 Qe6 25.
c4 Re7 26. Rae1 Nd7 27. Bxg7 Kxg7 28. Qd4+ Ne5 29. Rd1 Rd7 30. c5 dxc5 31. Qxc5 h5 32. Qf8+ Kh7 33. Rxd7+ Qxd7 34. Qf6 Qc7 35. Qe6 h4 36.
Rf8 hxg3+ 37. Kh1 Qg7 38. Qf6 Qxf6 39. Rxf6 Nc4 40. e5 Kg7 41. Bxc6 Nxe5 42. Rd6 Nxc6 43. Rd7+ Kf6 44. Rxb7 Nxa5 45. Rb6+ Kf5 46. Kg2 Nc4 47. Rxa6 Nd6 48. Rxd6 1-0

[Event "Late-Titled-Tuesday-Blitz-March-26-2024"]
[Site "Chess.com"]
[Date "2024.03.26"]
[Round "1"]
[White "Bkmzzzzz"]
[Black "Mikhail_Golubev"]
[Result "1-0"]
[WhiteElo "2395"]
[BlackElo "2672"]
[TimeControl "180+1"]
[EndTime "14:07:57 PDT"]
[Termination "Bkmzzzzz won by checkmate"]

1. e4 c5 2. Nf3 Nc6 3. Bb5 d6 4. d4 cxd4 5. Qxd4 Bd7 6. Bxc6 bxc6 7. c4 Qb6 8. Qd3 g6 9. O-O Bg7 10. Nc3 Nf6 11. b3 O-O 12. h3 Qa5 13. Bd2 Qh5 14.
Rad1 h6 15. Ne2 g5 16. Nfd4 g4 17. Ng3 Qg6 18. Ndf5 Rfe8 19. Nxg7 Kxg7 20. h4 Nh5 21. Nf5+ Bxf5 22. exf5 Qh7 23. Qe4 Nf6 24. Bc3 Kf8 25. Bxf6 exf6 26. Qxc6 Qxf5 27. Rxd6 Kg7 28. Rd5 Qf4 29.
Qd6 Re5 30. Rxe5 fxe5 31. Qd5 g3 32. fxg3 Qe3+ 33. Kh2 Rf8 34. Qf3 Qb6 35. Re1 Qe6 36.
Qe4 f5 37. Qb7+ Rf7 38. Qf3 e4 39. Qf4 Qf6 40. Rd1 Re7 41. Rd6 Re6 42. Rxe6 Qxe6 43. Qe3 Qd6 44. Kg1 a6 45. Kh2 Kg6 46. a4 Qd3 47. Qb6+ Kh5 48. Qf6 e3 49. Qf7+ Kg4 50.
Qg6# 1-0

[Event "Late-Titled-Tuesday-Blitz-March-26-2024"]
[Site "Chess.com"]
[Date "2024.03.26"]
[Round "1"]
[White "Siemba"]
[Black "AlexeiShirov"]
[Result "1-0"]
[WhiteElo "2460"]
[BlackElo "2818"]
[TimeControl "180+1"]
[EndTime "14:07:58 PDT"]
[Termination "Siemba won on time"]

1. e4 e5 2. Nf3 Nc6 3. Bc4 Bc5 4.
c3 Nf6 5. d4 exd4 6. b4 Bb6 7.
e5 d5 8. exf6 dxc4 9. Qe2+ Be6 10. b5 O-O 11. bxc6 Re8 12. O-O Bd5 13. Qd1 Qxf6 14.
Nxd4 Rad8 15. Qg4 Re4 16. Qg3 Rde8 17. Bg5 Qg6 18. Nd2 h6 19. Nxe4 Rxe4 20. Bf4 Rxf4 21. cxb7 Bxb7 22. Qxg6 fxg6 23. g3 Re4 24.
Rfe1 Bxd4 25. Rxe4 Bxc3 26. Rc1 Bxe4 27. Rxc3 Bd3 28.
Kg2 Kf7 29. Kf3 Ke6 30. Ke3 Kd5 31. Rc1 Bf5 32. Rc3 c5 33. Ra3 h5 34. h4 a6 35.
Rxa6 c3 36. Ra4 c4 37. Ra5+ Kc6 38. a3 Kb6 39. Re5 Kc6 40. a4 Kb6 41. Rb5+ Ka6 42. Re5 c2 43. Kd2 Kb6 44. Rb5+ Ka6 45. Re5 Kb6 46. Kc1 Bd3 47. Re7 Ka5 48. Rxg7 Kxa4 49.
Rb7 1-0

[Event "Late-Titled-Tuesday-Blitz-March-26-2024"]
[Site "Chess.com"]
[Date "2024.03.26"]
[Round "1"]
[White "Binary010"]
[Black "Levanzovsky"]
[Result "1-0"]
[WhiteElo "2778"]
[BlackElo "2420"]
[TimeControl "180+1"]
[EndTime "14:07:59 PDT"]
[Termination "Binary010 won on time"]

1. e4 g6 2. d4 Nf6 3. e5 Nh5 4. Be2 d6 5. Bxh5 gxh5 6. Qxh5 dxe5 7. dxe5 Rg8 8. Nf3 Rxg2 9. Ng5 Qd5 10. Nc3 Rxg5 11.
Nxd5 Rxh5 12. Nxc7+ Kd8 13. Nxa8 b6 14. Bf4 Bb7 15.
O-O-O+ Kc8 16. Rhg1 Bxa8 17. Rg8 Nd7 18. Rxd7 Kxd7 19.
Rxf8 Bd5 20. b3 Rf5 21. Bg3 h5 22. c4 Be6 23. Rh8 Kc6 24. Kd2 Rg5 25. Ke3 a6 26. h4 Rf5 27. Rh7 b5 28. cxb5+ axb5 29. Ke4 Kd7 30.
f4 Kc6 31. Be1 Bc8 32. Bb4 e6 33. Bd2 Bb7 34. Kd4 Kb6 35. a4 bxa4 36. bxa4 f6 37. a5+ Ka6 38. exf6 Rxf6 39. Rxh5 Rf7 40. Rc5 Rd7+ 41.
Ke3 Rg7 42. h5 Rg3+ 43. Kd4 Rh3 44. Bb4 Rh4 45. Ke3 Rh3+ 46. Ke2 Rh2+ 47. Ke1 Rh1+ 48. Kf2 Rh2+ 49. Kg3 Rg2+ 50. Kh4 Bf3 51. Rg5 Rh2+ 52.
Kg3 1-0

[Event "Late-Titled-Tuesday-Blitz-March-26-2024"]
[Site "Chess.com"]
[Date "2024.03.26"]
[Round "1"]
[White "falzehope0"]
[Black "reevecanada"]
[Result "0-1"]
[WhiteElo "2381"]
[BlackElo "2693"]
[TimeControl "180+1"]
[EndTime "14:08:00 PDT"]
[Termination "reevecanada won by resignation"]

1. d4 b6 2. e3 Bb7 3. f4 d6 4. Nf3 Nd7 5. Bd3 g6 6. O-O Bg7 7. Nbd2 e5 8. Qe1 Qe7 9. fxe5 dxe5 10. dxe5 Nxe5 11. Nxe5 Bxe5 12. Nf3 Bg7 13. Bb5+ c6 14. Bd3 O-O-O 15. Qg3 f5 16. Ng5 Nf6 17. Bc4 Rhe8 18. Be6+ Nd7 19. e4 h6 20. Nf7 Qxe6 21. Nxd8 Kxd8 22.
exf5 Qe2 23. Bf4 g5 24. Bb8 Bd4+ 25. Kh1 Be5 26. Bxe5 Qxe5 27. Qa3 a5 28. Rad1 Kc7 29.
Qd3 Nf6 30. c3 Ng4 31. Qg3 Qxg3 32. hxg3 Re2 33. f6 c5 34. Rf3 Bxf3 35. gxf3 Nxf6 36. g4 h5 37. Kg1 hxg4 38. fxg4 Nxg4 39. b4 Rg2+ 40.
Kxg2 Ne3+ 41. Kf3 Nxd1 42. bxa5 bxa5 43. Kg4 Nxc3 44. Kxg5 Nxa2 45. Kf4 c4 46. Ke3 c3 47.
Kd3 a4 48. Kc2 Kc6 49. Kb1 Nb4 50. Ka1 a3 51. Kb1 Kd6 52. Ka1 Ke6 53. Kb1 Kf7 54.
Ka1 Kg8 55. Kb1 Kh8 56. Ka1 Kh7 57. Kb1 c2+ 58. Kc1 a2 59. Kb2 a1=Q+ 60. Kb3 c1=Q 61. Kxb4 Qcc3+ 0-1

[Event "Late-Titled-Tuesday-Blitz-March-26-2024"]
[Site "Chess.com"]
[Date "2024.03.26"]
[Round "1"]
[White "karinachess1"]
[Black "cristiano78"]
[Result "1/2-1/2"]
[WhiteElo "2590"]
[BlackElo "2227"]
[TimeControl "180+1"]
[EndTime "14:08:00 PDT"]
[Termination "Game drawn - insufficient material"]

1. d4 Nf6 2. c4 g6 3. Nf3 Bg7 4. g3 d6 5. Bg2 O-O 6. O-O Nc6 7. Nc3 Bf5 8. d5 Na5 9. Nd4 Bd7 10. b3 c5 11.
dxc6 bxc6 12. Bb2 Rb8 13. Rb1 c5 14. Nc2 Nc6 15. Nd5 Nxd5 16. Bxg7 Kxg7 17. cxd5 Nb4 18. Ne3 Nxa2 19. Ra1 Nb4 20. Rxa7 Ra8 21. Rxa8 Qxa8 22. Nc4 Qa2 23. e4 Nc2 24. e5 Qxb3 25. Ne3 Nd4 26.
Qxb3 Nxb3 27. exd6 exd6 28. Nc4 Bb5 29. Nxd6 Bxf1 30.
Kxf1 Rd8 31. Nc4 Nd4 32. Ke1 Nf5 33. Kd2 Nd6 34. Nxd6 Rxd6 35. Kc3 Kf6 36. Kc4 Ke7 37. Kxc5 h5 38. h4 f6 39. Be4 g5 40. Bg6 gxh4 41. gxh4 Rd8 42. f4 Rc8+ 43. Kd4 Kd6 44. Ke4 Rc4+ 45. Kf5 Rd4 46. Kxf6 Rxf4+ 47. Kg5 Rd4 48.
Kxh5 Rxd5+ 49. Kh6 Ke6 50. h5 Kf6 51. Kh7 Rd7+ 52.
Kg8 Rd8+ 53. Kh7 Rb8 54. Be4 Re8 55. Bg6 Re7+ 56. Kg8 Rg7+ 57. Kh8 Ra7 58. Kg8 Ra8+ 59. Kh7 Ra7+ 60. Kg8 Kg5 61. Kf8 Kh6 62. Ke8 Kg7 63. Kd8 Ra6 64. Ke7 Rxg6 65. hxg6 Kxg6 1/2-1/2

[Event "Late-Titled-Tuesday-Blitz-March-26-2024"]
[Site "Chess.com"]
[Date "2024.03.26"]
[Round "1"]
[White "ploxoi"]
[Black "ThinkingSquares"]
[Result "0-1"]
[WhiteElo "2430"]
[BlackElo "2806"]
[TimeControl "180+1"]
[EndTime "14:08:01 PDT"]
[Termination "ThinkingSquares won on time"]

1. d4 Nf6 2. Nf3 e6 3. c4 b6 4. g3 Ba6 5. Bg2 Bxc4 6. O-O Bd5 7. Nc3 Bb7 8. Bg5 Be7 9. Re1 h6 10. Bf4 O-O 11. e4 d6 12. Qc2 Nbd7 13. Rad1 a6 14.
h3 b5 15. a3 Rc8 16. Qb3 c5 17. dxc5 Nxc5 18. Qb4 d5 19. Qd4 Nfxe4 20. Nxe4 dxe4 21. Ne5 Qxd4 22. Rxd4 g5 23. Be3 Bf6 24. Rd7 Bxe5 25. Bxc5 Rxc5 26. Rxb7 Bxb2 27. a4 Bc3 28. Rxe4 bxa4 29. Rxa4 a5 30. Be4 Rd8 31. g4 Rd2 32. Rb8+ Kg7 33. Rb1 Re5 34. Bf3 Bb4 35. Rf1 Rc5 36.
Be4 Rc4 37. Bb1 Rc3 38. Kg2 Ra3 39. Rxa3 Bxa3 40. Be4 Bc5 41. Ra1 Bxf2 42. Kf3 Bb6 43. Rb1 Rd6 44. Rb5 a4 45. Rb4 a3 46. Ra4 Bc5 47.
Ke2 Rd4 48. Rxd4 Bxd4 49. Bb1 Kf6 50. Kd3 Bc5 51. Ke4 Ke7 52. Ba2 Kd6 53. Bb3 Bg1 54. Ba2 Kc5 55. Ke5 Bd4+ 56. Ke4 Bg7 57. Bb3 Kb4 58. Ba2 Kc3 0-1

[Event "Late-Titled-Tuesday-Blitz-March-26-2024"]
[Site "Chess.com"]
[Date "2024.03.26"]
[Round "1"]
[White "Payyappat"]
[Black "sergiochess83"]
[Result "0-1"]
[WhiteElo "2511"]
[BlackElo "2996"]
[TimeControl "180+1"]
[EndTime "14:08:02 PDT"]
[Termination "sergiochess83 won on time"]

1. e4 c5 2. Nf3 d6 3. d4 cxd4 4. Nxd4 Nf6 5. Nc3 a6 6. h4 e5 7. Nb3 Be6 8. f4 h5 9. f5 Bd7 10. Bg5 Be7 11. Qd2 Bc6 12. Bxf6 Bxf6 13. O-O-O Bxh4 14.
Kb1 Bg5 15. Qe2 h4 16. g3 Rh6 17. gxh4 Bxh4 18. Qg4 Qg5 19. Qxg5 Bxg5 20. Rxh6 gxh6 21.
Rxd6 Nd7 22. Na5 Ke7 23. Rd3 Nf6 24. Nd5+ Bxd5 25. exd5 e4 26. Rd4 Kd6 27. Nxb7+ Ke5 28.
c3 Be3 29. Rd1 Bb6 30. d6 Ra7 31. d7 Rxb7 32. d8=Q Bxd8 33. Rxd8 Kxf5 34. Bxa6 Re7 35. Kc2 Ng4 36. a4 Kf4 37. a5 Ra7 38. Rd6 f5 39. b4 Ke3 40. b5 f4 41. b6 Rxa6 42. b7 Rxd6 43. b8=Q Rd2+ 44. Kc1 Rd3 45. Qb6+ Ke2 46.
Qe6 Ne3 47. Qxe4 f3 48. Qa4 Rd1+ 49. Kb2 Rd2+ 50. Ka3 f2 51. Qb5+ Ke1 52. Qb1+ Rd1 53. Qe4 Ke2 0-1

[Event "Late-Titled-Tuesday-Blitz-March-26-2024"]
[Site "Chess.com"]
[Date "2024.03.26"]
[Round "1"]
[White "Gravity_Chess"]
[Black "WindWhistler11"]
[Result "1-0"]
[WhiteElo "2835"]
[BlackElo "2444"]
[TimeControl "180+1"]
[EndTime "14:08:02 PDT"]
[Termination "Gravity_Chess won by checkmate"]

1. e4 e6 2. g3 d5 3. Bg2 Nf6 4. Nc3 Be7 5. d3 a6 6. Nge2 b5 7. a3 Bb7 8. O-O O-O 9. e5 Nfd7 10.
f4 c5 11. d4 Nc6 12. Be3 Nb6 13. b3 cxd4 14. Nxd4 Rc8 15. Nce2 Nd7 16. Kh1 Nc5 17. f5 Nxe5 18. fxe6 Nxe6 19. Nxe6 fxe6 20. Nd4 Qd6 21. Bf4 Bf6 22. Re1 g5 23. Bd2 Rfe8 24. Qe2 Nf7 25. c3 Re7 26. Rf1 Bg7 27. Rae1 Rce8 28. b4 Bxd4 29.
cxd4 e5 30. Qh5 Qg6 31. Qxg6+ hxg6 32. dxe5 Rxe5 33. Rxe5 Rxe5 34. Rc1 Re2 35. Be1 Nd6 36. Bf3 Re3 37. Bg2 Nc4 38. Bf2 Rxa3 39. Re1 Kf7 40.
Bc5 Bc8 41. Bxd5+ Kf6 42. Bd4+ Kf5 43. h3 g4 44. Rf1+ Kg5 45. h4+ Kh6 46. Rf8 g5 47. Rh8+ Kg6 48. h5+ Kf5 49. Rxc8 Rxg3 50. Rf8# 1-0

[Event "Late-Titled-Tuesday-Blitz-March-26-2024"]
[Site "Chess.com"]
[Date "2024.03.26"]
[Round "1"]
[White "varunkrishnanchess"]
[Black "dealshark"]
[Result "1-0"]
[WhiteElo "2616"]
[BlackElo "2286"]
[TimeControl "180+1"]
[EndTime "14:08:02 PDT"]
[Termination "varunkrishnanchess won by resignation"]

1. d4 d5 2. c4 e6 3. Nc3 c5 4.
e3 Nf6 5. Nf3 Nc6 6. a3 dxc4 7.
Bxc4 a6 8. O-O b5 9. Bd3 Bb7 10.
dxc5 Bxc5 11. b4 Bd6 12. Bb2 O-O 13. Ne4 Nxe4 14. Bxe4 Qe7 15. Rc1 Rac8 16. Qd3 h6 17. Rfd1 Bb8 18. h3 Rfd8 19. Qb3 Rxd1+ 20. Qxd1 Rd8 21. Qc2 Na7 22. Qc3 f6 23. Bxb7 Qxb7 24.
Nd4 Kf7 25. Qc2 Be5 26. f4 Rc8 27. Qd1 Rxc1 28. Qxc1 Bxd4 29. Bxd4 Nc6 30. Bc5 Qd7 31. Kh2 Qd5 32. Qc2 e5 33. f5 e4 34. a4 Qxf5 35. axb5 axb5 36. Qa2+ Qe6 37. Qa6 Ne5 38. Qxb5 Nd3 39.
Qb7+ Kg6 40. Qc7 Kf5 41. Qg3 Qe5 42. Qxe5+ Kxe5 43. Bd4+ Kd5 44. b5 Nb4 45. Kg3 Nc2 46. Ba7 f5 47. Kf4 Ke6 48. h4 g6 49. b6 Nb4 50. b7 Nd5+ 51. Kg3 f4+ 52. exf4 1-0

[Event "Late-Titled-Tuesday-Blitz-March-26-2024"]
[Site "Chess.com"]
[Date "2024.03.26"]
[Round "1"]
[White "crazycheesecake"]
[Black "subham777"]
[Result "0-1"]
[WhiteElo "1794"]
[BlackElo "2542"]
[TimeControl "180+1"]
[EndTime "14:08:03 PDT"]
[Termination "subham777 won by checkmate"]

1. e4 e6 2. d4 d5 3. Nd2 c5 4. exd5 Qxd5 5. Ngf3 cxd4 6. Bc4 Qd7 7.
Nb3 Nc6 8. Nbxd4 Nxd4 9. Nxd4 a6 10. O-O Bc5 11. c3 Nf6 12. Re1 b5 13. Bb3 Bb7 14.
Bg5 Ne4 15. Be3 O-O 16. Qc2 Rac8 17. Rad1 e5 18. Ne6 Qe7 19. Nxf8 Bxe3 20. Rxe3 Rxf8 21. Rxe4 Bxe4 22. Qxe4 g6 23. Qd5 Qg5 24. Re1 h5 25. Qxe5 Qd2 26. Qe2 Qd6 27. Rd1 Qc5 28. Qe3 Qc8 29.
h3 Re8 30. Qf3 Re7 31. Qf6 Qe8 32. Qxg6+ Kh8 33. Qxh5+ Kg7 34. Qg5+ Kf8 35. Qh6+ Kg8 36. Qd2 Kg7 37. Qd4+ Kg8 38. Rd3 Re5 39. Rg3+ Kf8 40.
Qd6+ Qe7 41. Qxe7+ Rxe7 42. Rd3 Re2 43. Rd6 a5 44. a4 Rxb2 45. Bd1 Rb1 46. axb5 a4 47. Kh2 a3 48. Bc2 a2 49. b6 a1=Q 50. Rd8+ Ke7 51.
Rb8 Rb2 52. Rb7+ Kf6 53. Rc7 Rxc2 54. b7 Rb2 55. Rc6+ Kg7 56. Rc7 Qb1 57. c4 Rxb7 58.
Rc8 Qe4 59. Rd8 Qf4+ 60. g3 Qxf2+ 61. Kh1 Rb1+ 62. Rd1 Rxd1# 0-1

[Event "Late-Titled-Tuesday-Blitz-March-26-2024"]
[Site "Chess.com"]
[Date "2024.03.26"]
[Round "1"]
[White "Chesstiger64"]
[Black "Fonsofan"]
[Result "1/2-1/2"]
[WhiteElo "2410"]
[BlackElo "2730"]
[TimeControl "180+1"]
[EndTime "14:08:09 PDT"]
[Termination "Game drawn - insufficient material"]

1. d4 d6 2. Nf3 g6 3. e3 Bg7 4. Be2 Nd7 5. O-O e5 6. c4 Nh6 7.
Nc3 O-O 8. b4 f5 9. a4 g5 10. c5 e4 11. Nd2 dxc5 12. bxc5 b6 13. Ba3 bxc5 14. Nb3 cxd4 15. Nxd4 Ne5 16. Bxf8 Qxf8 17.
Qb3+ Qf7 18. Qxf7+ Nhxf7 19. Nd5 c5 20. Nb5 Kf8 21. Rab1 Bd7 22. Nbc7 Rc8 23. a5 Nd6 24. Rfd1 c4 25. Nf6 Bxf6 26. Rxd6 Ke7 27. Rxf6 Kxf6 28. Nd5+ Ke6 29. Nc3 Rc5 30. Ra1 Nd3 31. g4 Ke5 32. gxf5 Bxf5 33. a6 Bc8 34. Rb1 Bxa6 35. Ra1 Rc6 36.
Ra5+ Nc5 37. Na4 c3 38. Nxc3 Bxe2 39. Nxe2 Rc7 40. Nd4 Kf6 41. Kg2 Nd3 42. Ra6+ Kf7 43. Nf5 Rc2 44. Rxa7+ Kg6 45. Ng3 Rxf2+ 46. Kh3 h5 47.
Ra6+ Rf6 48. Rxf6+ Kxf6 49. Nxe4+ Kg6 50. Kg3 Ne5 51. h3 Nc4 52. Kf3 Kf5 53. Ng3+ Kg6 54.
Ne4 h4 55. Nf2 Kf5 56. e4+ Kg6 57. Ng4 Nd2+ 58. Ke3 Nf1+ 59. Ke2 Ng3+ 60. Kf3 Kf7 61. Ne3 Kg6 62. e5 Nh5 63. Kg4 Nf4 64. Nf5 Ne6 65. Nxh4+ gxh4 66. Kxh4 Kf5 67. Kg3 Kxe5 68. h4 Kf6 69. h5 Kg5 70. h6 Kxh6 1/2-1/2

[Event "Late-Titled-Tuesday-Blitz-March-26-2024"]
[Site "Chess.com"]
[Date "2024.03.26"]
[Round "1"]
[White "UK_23"]
[Black "Karttunen"]
[Result "0-1"]
[WhiteElo "2397"]
[BlackElo "2714"]
[TimeControl "180+1"]
[EndTime "14:08:09 PDT"]
[Termination "Karttunen won on time"]

1. e4 c6 2. Nc3 d5 3. Nf3 Nf6 4. e5 Ng8 5. d4 Bg4 6. h3 Bxf3 7. Qxf3 e6 8. Ne2 c5 9. c3 Nc6 10. a3 a5 11. g3 a4 12. Bg2 Qa5 13. O-O Nge7 14. Qd3 Qa6 15. Qd1 Nf5 16. g4 Nh4 17.
Bh1 h5 18. f4 hxg4 19. hxg4 f5 20. Be3 fxg4 21. Ng3 Nf3+ 22. Bxf3 gxf3 23. Qxf3 cxd4 24. cxd4 O-O-O 25. f5 Na5 26. fxe6 Qxe6 27. Qf5 Re8 28. Rac1+ Nc4 29. Bd2 Qxf5 30. Nxf5 Kd7 31. Bc3 g6 32. Ng3 Be7 33. Rf7 Ke6 34. Rcf1 Rh3 35. Kg2 Reh8 36.
Rg7 Ne3+ 37. Kf2 Nxf1 38. Nxf1 Rf8+ 39. Kg2 Rh6 40. Ng3 Rfh8 41. Kf3 b5 42. Bd2 Rh3 43.
Rxg6+ Kf7 44. Rg4 Rg8 45. Rxg8 Kxg8 46. Bf4 Bf8 47. Kg4 Rh2 48. e6 Rxb2 49. Kf5 Bxa3 50. Nh5 Be7 51. Be5 Kf8 52. Nf4 a3 53.
Ng6+ Ke8 54. Nf4 a2 55. Nxd5 a1=Q 56. Nc7+ Kd8 57. d5 Qf1+ 58. Bf4 Rf2 0-1

[Event "Late-Titled-Tuesday-Blitz-March-26-2024"]
[Site "Chess.com"]
[Date "2024.03.26"]
[Round "1"]
[White "Hauptsache_Gambit"]
[Black "sotochess"]
[Result "0-1"]
[WhiteElo "2183"]
[BlackElo "2589"]
[TimeControl "180+1"]
[EndTime "14:08:09 PDT"]
[Termination "sotochess won by checkmate"]

1. e4 c5 2. b4 cxb4 3. a3 e6 4. axb4 Bxb4 5. Nf3 Nf6 6. e5 Nd5 7. c3 Be7 8. d4 O-O 9. Bd3 d6 10. O-O dxe5 11. Nxe5 Nc6 12. Nxc6 bxc6 13. c4 Nb4 14. Be4 f5 15. Bf3 a5 16. Nc3 Bf6 17. Be3 Rb8 18.
Rc1 Bd7 19. d5 cxd5 20. cxd5 e5 21. Bc5 Re8 22. Be2 e4 23. d6 Kh8 24. Nd5 Nxd5 25.
Qxd5 Be5 26. f4 exf3 27. Bxf3 Qh4 28. g3 Qf6 29. Ba7 Rb5 30. Rc5 Bd4+ 31. Kg2 Bxc5 32. Bxc5 Rc8 33. Rc1 Qb2+ 34. Bf2 Qxc1 35. Qf7 Bc6 36.
d7 Bxf3+ 37. Kxf3 Qc6+ 38. Kf4 Qe4+ 39. Kg5 f4+ 40. Kh4 fxg3+ 41. Kh3 Rg8 42. Qxg8+ Kxg8 43. d8=Q+ Kf7 44. Qd7+ Kg6 45. Qd6+ Kh5 46. Qxg3 Qf5+ 47. Kg2 Qg5 48. Kf3 Rb3+ 49. Ke4 Rxg3 50. Bxg3 Qxg3 51.
hxg3 Kg4 52. Ke5 Kxg3 53. Ke6 a4 54. Kf7 a3 55. Kg8 a2 56. Kh8 a1=Q 57. Kg8 Qe5 58. Kh8 g5+ 59. Kg8 Qc7 60. Kh8 h5 61. Kg8 h4 62. Kh8 h3 63. Kg8 h2 64. Kh8 h1=Q+ 65. Kg8 Qa8# 0-1

[Event "Late-Titled-Tuesday-Blitz-March-26-2024"]
[Site "Chess.com"]
[Date "2024.03.26"]
[Round "1"]
[White "Nicolik"]
[Black "jcibarra"]
[Result "0-1"]
[WhiteElo "2512"]
[BlackElo "2998"]
[TimeControl "180+1"]
[EndTime "14:08:10 PDT"]
[Termination "jcibarra won by resignation"]

1. d4 Nf6 2. Nf3 g6 3. g3 d6 4.
Bg2 Bg7 5. O-O O-O 6. b3 b5 7.
Bb2 Bb7 8. a4 b4 9. Nbd2 Nbd7 10. Nc4 c5 11. dxc5 Nxc5 12. a5 Rc8 13. Ne1 Nfe4 14.
Bxg7 Kxg7 15. Bxe4 Bxe4 16. Qd4+ f6 17. Nd3 Ba8 18.
Nxc5 Rxc5 19. Rfd1 Qc7 20. f3 Rb8 21. Ra4 Bc6 22.
Raa1 Bb5 23. Ne3 Bxe2 24. Nd5 Rxd5 25. Qxd5 Bxd1 26. Rxd1 a6 27. Re1 Rb5 28. Qa8 Rxa5 29. f4 Qd7 30. Qe4 e5 31. Qxb4 Rc5 32. c4 exf4 33. Qb8 fxg3 34. Re8 gxh2+ 35. Kh1 Qg4 36. Re7+ Kh6 37. Qf8+ Kh5 38. Rxh7+ Kg5 39. Kxh2 Re5 40. Qh6+ Kf5 41. Qh3 Re2+ 42. Kh1 Qxh3+ 43. Rxh3 g5 44. Rd3 Ke6 45. Kg1 f5 46. Kf1 Rb2 47. Re3+ Kf6 48. Rd3 Ke5 49. Rd5+ Ke4 50. Rxd6 g4 51.
c5 f4 52. c6 Rc2 53. Ke1 g3 54. Kd1 Rc5 55. Rg6 Kf3 56. Kd2 Kg2 57. Kd3 f3 58. Kd4 Rc1 59. Kd5 f2 60. Rf6 f1=Q 61. Rxf1 Kxf1 62.
b4 g2 63. b5 axb5 0-1

[Event "Late-Titled-Tuesday-Blitz-March-26-2024"]
[Site "Chess.com"]
[Date "2024.03.26"]
[Round "1"]
[White "Flaccidmoves"]
[Black "TanitoluwaAps116"]
[Result "0-1"]
[WhiteElo "2437"]
[BlackElo "2820"]
[TimeControl "180+1"]
[EndTime "14:08:10 PDT"]
[Termination "TanitoluwaAps116 won on time"]

1. c4 e5 2. Nc3 Nc6 3. g3 g6 4. Bg2 d6 5. Nf3 Be6 6. d4 exd4 7. Nxd4 Bd7 8. O-O Bg7 9. Be3 Nge7 10. Rb1 O-O 11.
b4 Nf5 12. Nxf5 Bxf5 13. Nd5 Bxb1 14. Qxb1 Re8 15. a4 Rb8 16. b5 Ne5 17. Bxa7 Ra8 18. b6 c6 19. Nc7 Rxa7 20. Nxe8 Rxa4 21. Nxg7 Kxg7 22. c5 dxc5 23. Qb2 Qf6 24. Kh1 Rb4 25. Qc3 Rxb6 26. Qxc5 Rb2 27. Qe3 Ng4 28. Qf3 Qxf3 29.
Bxf3 Ne5 30. Kg2 Nxf3 31. Kxf3 Kf6 32. Rd1 Ke7 33. e4 b5 34. e5 Rb4 35. Ke3 Rc4 36. f4 b4 37. Ra1 c5 38. Ra7+ Ke6 39.
Ra6+ Ke7 40. Ra7+ Kf8 41. Ra8+ Kg7 42. Ra7 b3 43. Rb7 Rc3+ 44. Ke4 c4 45. e6 Rc2 46. Rxf7+ Kg8 47. Rb7 b2 48. Ke5 Re2+ 49. Kf6 Rxe6+ 50. Kxe6 c3 51. Kf6 h5 52. Kxg6 Kf8 53. Kf6 Ke8 54. Ke6 Kd8 55. Kd6 Kc8 56. Kc6 c2 57. Rc7+ Kd8 58. Rd7+ Ke8 0-1

[Event "Late-Titled-Tuesday-Blitz-March-26-2024"]
[Site "Chess.com"]
[Date "2024.03.26"]
[Round "1"]
[White "TedBelanoff"]
[Black "SahibSinghKnight"]
[Result "0-1"]
[WhiteElo "2196"]
[BlackElo "2593"]
[TimeControl "180+1"]
[EndTime "14:08:10 PDT"]
[Termination "SahibSinghKnight won by resignation"]

1. b4 e5 2. Bb2 Bxb4 3. Bxe5 Nf6 4. c3 Be7 5. Nf3 O-O 6. d4 d5 7.
e3 Nc6 8. Bg3 Ne4 9. Bd3 f5 10.
O-O Be6 11. Ne5 Nxg3 12. Nxc6 bxc6 13. hxg3 c5 14. Nd2 c4 15. Bc2 Rf6 16. Nf3 Rh6 17. Ne5 Bd6 18. f4 g5 19. Nf3 g4 20. Nh4 Rxh4 21.
gxh4 Qxh4 22. g3 Qxg3+ 23. Kh1 Qh3+ 24. Kg1 Qxe3+ 25. Kh1 Bxf4 26. Rxf4 Qxf4 27. Qe2 Re8 28. Rf1 Qh6+ 29. Kg1 Rf8 30. Qe5 Qf6 31. Qxc7 Rf7 32. Qb8+ Kg7 33. Qh2 h6 34. Re1 Re7 35. Qd6 Kf7 36. Ba4 Qh4 37. Re2 Qg5 38. Bd7 Bxd7 39.
Qxd5+ Be6 40. Qc5 Rd7 41. Qc6 Qf6 42. d5 Rxd5 43. Qb7+ Rd7 44. Qb4 f4 45. Qa5 f3 46.
Qh5+ Kg7 47. Rf2 Rd1+ 48. Rf1 Rxf1+ 49. Kxf1 g3 50. Qc5 Qxc3 51. Qc7+ Kf6 52. Qf4+ Bf5 53.
Qxh6+ Ke7 54. Qg5+ Ke6 55. Qg8+ Ke5 56. Qh8+ Kf4 57.
Qxc3 Bd3+ 58. Ke1 f2+ 59. Kd2 f1=Q 60. Qf6+ Kg4 61. Qe6+ Qf5 62. Qg8+ Qg5+ 63. Qxg5+ Kxg5 0-1